Map: [ESL] Alcyone

Players

Bly

  • Race: Zerg Zerg
  • Spawn Location: 1:00

Harstem - Winner!

  • Race: Protoss Protoss
  • Spawn Location: 7:00

Event: ESL SC2 Masters 2023 Winter (Regional)

VOD

Have the link to the VOD?

Description

Time

  • Played on: Nov. 11, 2023, 9:20 a.m.
  • Length: 15:47

All games in this series

Show
View Real Time Build Order
Export as new Build Order

Bly Zerg 

Build Orders: Hatch First, Swarm Host 

Get SALT Encoding   

  12  0:00  Drone  
  13  0:12  Overlord  
  13  0:17  Drone  
  14  0:31  Drone x2  
  16  0:49  Hatchery  
  15  0:52  Drone  
  16  0:57  Drone  
  16  1:00  Drone  
  18  1:11  Extractor  
  18  1:15  Spawning Pool  
  18  1:18  Drone  
  17  1:23  Drone  
  18  1:27  Drone  
  19  1:39  Drone  
  20  2:03  Queen x2  
  20  2:05  Zergling x2  
  20  2:07  Zergling x2  
  26  2:11  Zergling x2  
  26  2:14  Zergling x2  
  28  2:16  Metabolic Boost  
  28  2:20  Overlord  
  28  2:39  Drone x4  
  32  2:49  Queen  
  34  2:57  Hatchery  
  33  3:06  Drone x3, Overlord  
  35  3:14  Overlord  
  35  3:28  Drone x8  
  35  3:32  Spore Crawler, Queen  
  43  3:39  Drone x2  
  45  3:43  Queen  
  45  3:44  Spore Crawler  
  46  3:49  Roach Warren  
  46  3:53  Zergling x4  
  47  4:02  Zergling x6  
  47  4:05  Drone x4  
  47  4:07  Extractor  
  50  4:21  Queen  
  52  4:25  Drone x2  
  52  4:26  Overlord x4  
  54  4:31  Overlord  
  54  4:34  Overlord  
  53  4:50  Roach  
  53  4:51  Roach x2  
  58  4:58  Roach  
  60  5:03  Zergling x6  
  60  5:04  Zergling x4  
  60  5:05  Zergling x6  
  68  5:12  Ravager  
  68  5:13  Ravager x2  
  71  5:14  Roach x2  
  71  5:15  Spore Crawler, Roach x2  
  71  5:16  Zergling x4  
  80  5:32  Drone  
  80  5:33  Drone x12  
  93  5:39  Lair  
  93  5:43  Drone  
  93  5:45  Spore Crawler  
  93  5:48  Overlord  
  93  5:59  Drone  
  93  6:02  Overlord  
  93  6:03  Overlord x2  
  82  6:11  Zergling x2  
  82  6:12  Zergling x16  
  84  6:33  Drone x7  
  84  6:35  Extractor  
  84  6:36  Extractor, Hatchery  
  88  6:44  Infestation Pit, Extractor  
  88  6:45  Queen  
  88  6:47  Evolution Chamber  
  86  6:59  Drone x3  
  89  7:02  Drone x5  
  89  7:06  Hatchery  
  93  7:15  Zerg Missile Weapons Level 1, Drone x4  
  97  7:18  Drone x7  
  102  7:28  Hatchery  
  102  7:29  Glial Reconstitution  
  101  7:36  Spore Crawler  
  100  7:45  Drone x8  
  104  7:53  Drone x2  
  104  7:54  Drone x2  
  104  7:55  Drone  
  106  8:04  Spire  
  105  8:18  Roach  
  105  8:19  Roach x17  
  141  8:25  Overlord x2  
  141  8:29  Burrow, Overlord  
  141  8:34  Spore Crawler  
  141  8:40  Extractor x2  
  138  8:46  Swarm Host  
  138  8:47  Swarm Host  
  147  8:55  Zergling x24  
  156  8:56  Baneling Nest  
  152  9:10  Swarm Host x2  
  152  9:12  Overlord  
  152  9:13  Overlord  
  156  9:21  Drone x2  
  155  9:25  Zerg Flyer Weapons Level 1  
  155  9:26  Zerg Melee Weapons Level 1  
  154  9:35  Drone x7  
  154  9:36  Drone x6  
  167  9:53  Spine Crawler  
  167  9:55  Spine Crawler x2  
  167  9:59  Extractor  
  163  10:00  Mutalisk x4  
  163  10:01  Mutalisk x4, Extractor, Spore Crawler  
  163  10:02  Zergling x2  
  163  10:03  Zergling x2  
  163  10:04  Overlord x4  
  176  10:33  Mutalisk x4  
  184  10:36  Zergling x32  
  184  10:42  Spine Crawler  
  196  10:43  Spine Crawler x2  
  196  10:44  Drone x2, Spine Crawler  
  193  11:21  Hive, Zerg Melee Weapons Level 2  
  193  11:23  Centrifugal Hooks  
  193  11:29  Zergling x14  
  198  11:48  Baneling x22  
  192  12:07  Zergling x20  
  200  12:09  Zerg Flyer Weapons Level 2  
  192  12:16  Zergling x18  
  191  12:25  Baneling x17  
  191  12:29  Ravager x11  
  196  12:41  Zergling x20  
  196  12:42  Ultralisk Cavern  
  193  12:57  Zergling x14  
  169  13:18  Zergling x56  
  169  13:19  Zergling x2  
  187  13:37  Zergling x20  
  184  13:51  Baneling x22  
  184  13:52  Overlord x3  
  183  14:08  Corruptor x7  
  189  14:11  Overseer x4  
  172  14:38  Ultralisk x5  
  188  14:52  Zergling x18  
  158  15:07  Zergling x16  
  103  15:25  Zergling x2  
Show
View Real Time Build Order
Export as new Build Order

Harstem Protoss - Winner!

Build Orders: 1 Gate Expand, Oracle Opening 

Get SALT Encoding   

  12  0:00  Probe  
  13  0:12  Probe  
  14  0:17  Pylon  
  14  0:25  Probe (Chrono Boost)  
  15  0:37  Probe (Chrono Boost)  
  15  0:38  Gateway  
  16  0:45  Probe (Chrono Boost)  
  16  0:48  Assimilator  
  17  0:51  Probe  
  18  1:03  Probe  
  19  1:15  Probe  
  20  1:24  Nexus  
  20  1:35  Cybernetics Core  
  20  1:37  Probe  
  21  1:45  Assimilator  
  21  1:49  Probe  
  21  1:53  Pylon  
  22  2:01  Probe  
  22  2:08  Adept (Chrono Boost)  
  23  2:09  Probe  
  26  2:17  Probe  
  26  2:19  Stargate  
  27  2:28  Probe  
  27  2:29  Warp Gate  
  28  2:31  Adept  
  30  2:37  Probe (Chrono Boost)  
  32  2:48  Probe (Chrono Boost)  
  32  2:51  Probe (Chrono Boost)  
  33  2:55  Probe x2 (Chrono Boost)  
  35  3:04  Oracle (Chrono Boost)  
  38  3:06  Probe x2  
  40  3:13  Gateway  
  40  3:18  Probe x2  
  41  3:25  Pylon  
  40  3:30  Probe x2  
  40  3:33  Adept  
  44  3:40  Oracle (Chrono Boost)  
  44  3:42  Probe x2  
  49  3:49  Pylon  
  49  3:54  Probe x2  
  51  4:06  Probe  
  51  4:07  Probe  
  51  4:09  Nexus  
  53  4:10  Oracle (Chrono Boost)  
  53  4:13  Assimilator  
  53  4:15  Pylon  
  56  4:19  Probe  
  56  4:21  Assimilator  
  56  4:22  Probe  
  58  4:27  Stalker  
  58  4:28  Stalker  
  62  4:34  Probe  
  62  4:36  Pylon  
  63  4:40  Probe  
  63  4:45  Oracle (Chrono Boost), Shield Battery  
  64  4:48  Probe  
  64  4:52  Probe  
  68  4:54  Forge  
  68  5:00  Probe  
  68  5:03  Stalker x2  
  68  5:04  Probe  
  68  5:05  Pylon  
  74  5:12  Probe  
  75  5:18  Probe (Chrono Boost)  
  75  5:19  Shield Battery  
  75  5:20  Oracle (Chrono Boost)  
  76  5:24  Probe (Chrono Boost)  
  76  5:25  Shield Battery  
  81  5:31  Probe (Chrono Boost)  
  81  5:34  Probe x2 (Chrono Boost)  
  83  5:35  Stalker x2  
  83  5:38  Probe (Chrono Boost)  
  83  5:39  Probe (Chrono Boost)  
  83  5:41  Probe  
  90  5:43  Protoss Ground Weapons Level 1  
  90  5:45  Twilight Council  
  91  5:50  Probe x2  
  91  5:53  Probe  
  93  5:58  Stalker x2  
  93  6:02  Probe  
  98  6:10  Probe  
  88  6:11  Probe  
  88  6:12  Oracle (Chrono Boost)  
  88  6:14  Probe  
  88  6:17  Pylon  
  89  6:21  Stalker x2  
  89  6:22  Probe  
  89  6:23  Probe  
  89  6:24  Photon Cannon  
  95  6:28  Gateway  
  95  6:31  Gateway, Photon Cannon  
  95  6:37  Assimilator  
  95  6:38  Assimilator  
  95  6:42  Charge (Chrono Boost)  
  95  6:46  Stalker  
  97  6:47  Stalker  
  97  6:49  Gateway  
  97  6:50  Gateway  
  98  6:54  Probe  
  98  6:56  Probe  
  99  7:02  Gateway x2  
  99  7:04  Templar Archives  
  99  7:05  Pylon  
  99  7:10  Stalker x2  
  99  7:11  Pylon  
  103  7:17  Pylon  
  103  7:18  Pylon  
  103  7:24  Zealot  
  103  7:28  Phoenix (Chrono Boost)  
  107  7:32  Robotics Facility  
  107  7:35  Nexus  
  107  7:38  Zealot x3  
  107  7:40  Pylon  
  110  7:59  Probe  
  110  8:01  High Templar x4, Zealot x4  
  110  8:03  Probe  
  110  8:05  Shield Battery  
  128  8:06  Archon x2  
  128  8:11  Pylon  
  128  8:15  Protoss Ground Weapons Level 2 (Chrono Boost)  
  128  8:17  Probe  
  128  8:18  Immortal (Chrono Boost)  
  126  8:21  Probe  
  126  8:26  Zealot x2  
  126  8:27  Zealot x2  
  139  8:34  Probe  
  140  8:36  Photon Cannon  
  140  8:37  Psionic Storm  
  140  8:38  Shield Battery  
  140  8:40  Assimilator  
  140  8:45  Assimilator  
  140  8:47  Immortal (Chrono Boost)  
  144  8:49  High Templar  
  144  8:52  Probe  
  147  8:57  High Templar  
  147  8:58  Zealot x4  
  147  9:01  Zealot  
  142  9:10  Zealot  
  142  9:11  Probe  
  145  9:18  High Templar x2  
  145  9:19  Probe  
  145  9:21  Warp Prism (Chrono Boost), Probe  
  145  9:22  Pylon  
  147  9:25  Photon Cannon  
  147  9:29  High Templar  
  147  9:30  Photon Cannon, Probe  
  148  9:37  High Templar  
  148  9:47  Probe x2  
  151  9:53  Zealot  
  151  9:54  Observer (Chrono Boost), Probe  
  151  9:56  Fleet Beacon  
  151  9:59  Gateway  
  154  10:02  Gateway  
  154  10:04  Pylon  
  154  10:05  Zealot x4  
  154  10:12  Zealot x3  
  158  10:15  Zealot  
  158  10:28  Probe  
  157  10:30  Immortal (Chrono Boost)  
  157  10:31  Protoss Ground Weapons Level 3 (Chrono Boost), Probe  
  162  10:37  Zealot x6  
  172  10:44  Phoenix (Chrono Boost)  
  172  10:45  Anion Pulse-Crystals (Chrono Boost)  
  172  10:49  Stargate  
  162  10:59  Zealot x6  
  162  11:00  Observer (Chrono Boost)  
  162  11:02  Phoenix  
  175  11:08  Probe  
  175  11:09  Probe  
  171  11:22  Stargate  
  171  11:27  Phoenix  
  171  11:29  Zealot x6, Protoss Air Weapons Level 1 (Chrono Boost)  
  185  11:33  High Templar x2  
  185  11:36  High Templar x2, Pylon  
  181  11:42  Archon  
  181  11:43  Observer  
  181  11:44  Immortal (Chrono Boost)  
  181  11:45  Archon  
  173  11:56  Tempest (Chrono Boost)  
  184  12:02  Mothership (Chrono Boost)  
  184  12:06  Phoenix  
  178  12:11  Immortal  
  178  12:21  High Templar x4  
  179  12:26  Archon x2  
  179  12:27  Zealot x6  
  190  12:38  Probe  
  190  12:41  Photon Cannon  
  190  12:43  Carrier (Chrono Boost), Photon Cannon  
  191  12:48  Carrier (Chrono Boost)  
  191  12:50  Assimilator  
  191  12:51  Pylon  
  190  12:52  Observer  
  186  13:00  Probe x3 (Chrono Boost)  
  186  13:01  Zealot  
  186  13:05  Pylon  
  181  13:08  High Templar x3, Pylon  
  177  13:13  Probe x2 (Chrono Boost)  
  177  13:17  Probe (Chrono Boost)  
  174  13:20  Zealot x6  
  174  13:24  Immortal  
  188  13:34  Probe x3  
  188  13:39  Zealot  
  190  13:44  Zealot  
  190  13:45  Zealot x5  
  197  14:04  Probe  
  195  14:13  Nexus  
  195  14:15  Carrier  
  195  14:25  Photon Cannon  
  195  14:26  High Templar x2, Photon Cannon  
  199  14:31  Archon  
  199  14:42  Zealot x7  
  170  14:56  Zealot  
  170  14:59  Pylon  
  164  15:03  Zealot x5  
  167  15:15  Archon  
  167  15:16  Archon  
  167  15:17  Zealot x5  
  141  15:37  High Templar x4  
  141  15:38  High Templar x5  
  141  15:42  Archon x3  
  156  15:43  Archon  
Tags
 
Add a new tag
Caveats
  • Supply blocks, unpowered buildings, or Contaminate may cause inaccurate times.
  • Supply counts are checked every 10 seconds.